Map: Lerilak Crest

Players

Serral

  • Race: Zerg Zerg
  • League: Grandmaster

Nerchio - Winner!

  • Race: Zerg Zerg
  • League: Grandmaster

Event: 2016 WCS Winter Challenger Europe

VOD

Have the link to the VOD?

Description

Time

  • Played on: Feb. 14, 2016, 11:20 a.m.
  • Length: 7:54

All games in this series

Show
View Real Time Build Order
Export as new Build Order

Serral Zerg 

Build Orders: Hatch First, Zergling Baneling 

Get SALT Encoding   

  12  0:00  Drone  
  13  0:12  Overlord  
  13  0:16  Drone  
  14  0:31  Drone x2  
  14  0:35  Drone  
  17  0:52  Hatchery  
  17  0:54  Drone  
  17  0:57  Drone  
  17  1:01  Extractor  
  17  1:12  Spawning Pool  
  17  1:15  Drone  
  17  1:19  Drone  
  18  1:28  Drone  
  19  1:38  Overlord  
  19  1:59  Queen  
  19  2:00  Zergling x4  
  19  2:01  Baneling Nest  
  22  2:03  Queen  
  22  2:07  Zergling x2  
  25  2:11  Zergling x2  
  26  2:15  Zergling x2  
  26  2:20  Metabolic Boost  
  27  2:23  Zergling x2  
  27  2:27  Zergling x2  
  29  2:35  Zergling x2  
  30  2:38  Zergling x2  
  31  2:44  Baneling x2  
  29  2:54  Overlord  
  28  3:18  Baneling  
  28  3:19  Baneling  
  27  3:21  Zergling x6  
  30  3:29  Extractor  
  30  3:32  Drone x3  
  32  3:38  Hatchery  
  32  3:45  Queen  
  34  3:55  Zergling x4  
  35  4:05  Zergling x2  
  29  4:20  Zergling x8  
  32  4:25  Baneling x2  
  32  4:30  Zergling x4  
  34  4:37  Extractor  
  33  4:44  Hatchery  
  33  4:46  Baneling x2  
  33  4:51  Zergling x2  
  33  4:52  Zergling x2  
  35  4:58  Zergling x2  
  35  4:59  Zergling x4  
  38  5:01  Overlord  
  38  5:13  Zergling x2  
  34  5:19  Zergling x2  
  35  5:23  Baneling  
  35  5:24  Baneling x7  
  35  5:26  Zergling x6  
  38  5:33  Zergling x2  
  39  5:41  Baneling x3  
  31  5:56  Drone x5  
  33  5:58  Zergling x2  
  34  6:07  Drone x2  
  36  6:12  Baneling  
  36  6:20  Drone x2  
  37  6:31  Overlord  
  37  6:32  Drone x2  
  39  6:33  Drone x4  
  43  6:40  Drone  
  43  6:44  Drone x2  
  46  6:49  Extractor, Evolution Chamber  
  44  6:54  Overlord  
  44  7:02  Drone x5  
  46  7:11  Roach Warren  
  46  7:12  Drone x4  
  49  7:24  Zergling x4  
  51  7:30  Zergling x2  
  51  7:31  Zergling x10  
  56  7:37  Baneling x3  
  56  7:41  Spine Crawler  
Show
View Real Time Build Order
Export as new Build Order

Nerchio Zerg - Winner!

Build Orders: Pool First 

Get SALT Encoding   

  12  0:01  Drone  
  13  0:13  Drone  
  14  0:15  Extractor  
  14  0:16  Drone  
  14  0:32  Spawning Pool  
  13  0:37  Drone  
  13  0:42  Extractor  
  13  0:44  Drone  
  15  0:53  Overlord  
  15  1:19  Metabolic Boost, Queen  
  15  1:20  Zergling x2  
  15  1:24  Zergling x2  
  19  1:27  Zergling x2  
  19  1:32  Zergling x2  
  21  1:42  Overlord  
  21  1:53  Zergling x2  
  22  2:05  Hatchery  
  22  2:06  Zergling x2  
  22  2:14  Zergling x2  
  23  2:25  Zergling x2  
  23  2:28  Zergling x4  
  23  2:29  Zergling x2  
  27  2:37  Queen  
  29  2:45  Zergling x2  
  29  2:53  Spine Crawler  
  29  2:54  Drone  
  29  2:59  Drone  
  29  3:05  Overlord  
  28  3:14  Drone x2  
  29  3:23  Queen  
  29  3:31  Drone x2  
  30  3:35  Drone  
  30  3:39  Drone  
  31  3:44  Zergling x2  
  31  3:45  Zergling x2  
  33  3:48  Zergling x2  
  33  3:53  Zergling x2  
  35  3:56  Zergling x2  
  35  3:59  Zergling x2  
  35  4:02  Zergling x2  
  38  4:13  Zergling x4  
  38  4:14  Zergling x4  
  35  4:17  Zergling x2  
  34  4:25  Baneling Nest  
  33  4:33  Drone  
  33  4:38  Spine Crawler, Drone  
  33  4:40  Drone  
  35  4:46  Drone  
  36  4:53  Queen  
  36  4:58  Zergling x2  
  39  5:01  Zergling x2  
  39  5:06  Zergling x2  
  41  5:10  Zergling x4  
  38  5:16  Baneling  
  38  5:17  Zergling x2, Baneling  
  38  5:19  Baneling x2  
  38  5:20  Baneling  
  37  5:25  Overlord  
  37  5:28  Baneling  
  36  5:29  Baneling  
  36  5:40  Drone  
  35  5:44  Drone x4  
  35  5:53  Drone  
  35  5:56  Drone  
  35  6:01  Roach Warren, Zergling x2  
  35  6:04  Zergling x2  
  35  6:08  Baneling  
  35  6:09  Baneling  
  35  6:30  Overlord  
  34  6:49  Roach x8  
  34  6:54  Overlord  
  50  7:06  Overlord  
  50  7:08  Baneling x3  
  50  7:10  Zergling x4  
  50  7:12  Zergling x4  
  50  7:13  Zergling x2  
  55  7:16  Zergling x2  
  55  7:20  Zergling x4  
  58  7:24  Zergling x2  
  58  7:26  Zergling x2  
  58  7:29  Zergling x2  
  61  7:32  Zergling x2  
  61  7:34  Zergling x2  
  61  7:36  Baneling  
  61  7:37  Baneling  
Tags
 
Add a new tag
Caveats
  • Supply blocks, unpowered buildings, or Contaminate may cause inaccurate times.
  • Supply counts are checked every 10 seconds.